 Seeded DCSS version 0.30-a0-358-g0d69a1922f (webtiles) character file.

Game seed: 146201116743661937 (custom seed)

67 retardedninja the Trooper (level 4, -3/41 HPs)
             Began as a Hill Orc Fighter on Nov 9, 2022.
             Slain by a gnoll
             ... wielding a +0 spear
              (5 damage)
             ... on level 2 of the Dungeon.
             The game lasted 00:01:29 (1451 turns).

retardedninja the Trooper (Hill Orc Fighter)        Turns: 1451, Time: 00:01:30

Health: -3/41      AC:  7    Str: 20    XL:     4   Next: 18%
Magic:  4/4        EV:  9    Int:  8    God:
Gold:   76         SH:  4    Dex: 10    Spells: 3/3 levels left

rFire   . . .      SeeInvis .    a - +0 war axe
rCold   . . .      Faith    .    c - +0 buckler
rNeg    . . .      Spirit   .    b - +0 scale mail
rPois   .          Reflect  .    (no helmet)
rElec   .          Harm     .    (no cloak)
rCorr   .          Rampage  .    (no gloves)
Will    .....                    (no boots)
Stlth   ..........               (no amulet)
HPRegen 0.26/turn                (no ring)
MPRegen 0.09/turn                (no ring)

@: mighty, flying
A: no striking features
a: no special abilities


You were on level 2 of the Dungeon.
You visited 1 branch of the dungeon, and saw 2 of its levels.

You collected 76 gold pieces.

Inventory:

Hand Weapons
 a - a +0 war axe (weapon)
Armour
 b - a +0 scale mail (worn)
 c - a +0 buckler (worn)
Wands
 q - a wand of iceblast (4)
Scrolls
 e - 2 scrolls of noise {unknown}
 i - a scroll of enchant armour {unknown}
 j - a scroll of teleportation {unknown}
 k - a scroll of enchant weapon {unknown}
 l - a scroll of magic mapping {unknown}
 m - a scroll of fear {unknown}
 n - a scroll of acquirement {unknown}
 r - a scroll of identify {unknown}
Potions
 d - a potion of might
 h - a potion of mutation {unknown}
 o - a potion of cancellation {unknown}
 p - a potion of haste {unknown}


   Skills:
 + Level 4.3 Fighting
 + Level 3.6 Axes
 + Level 3.9 Armour
 + Level 3.9 Shields


You had 3 spell levels left.
You didn't know any spells.
Your spell library contained the following spells:

 Spells                   Type           Power      Damage    Failure   Level
 Magic Dart               Conj           0%         1d3       85%         1
 Searing Ray              Conj           0%         2d4       94%         2
 Frozen Ramparts          Ice            0%         1d1       99%         3
 Ozocubu's Armour         Ice            0%         N/A       99%         3
 Fulminant Prism          Conj/Hex       0%         3d5       100%        4
 Ice Form                 Ice/Tmut       0%         N/A       100%        4
 Summon Ice Beast         Ice/Summ       0%         N/A       100%        4
 Ozocubu's Refrigeration  Ice            0%         4d7       100%        7


Dungeon Overview and Level Annotations

Branches:
Dungeon (2/15)

Altars:


Message History

You barely miss the gnoll. The gnoll hits you with a +0 halberd.
The gnoll barely misses you.
You slash the gnoll!
The gnoll is heavily wounded.
The gnoll closely misses you. You block the gnoll's attack.
The gnoll hits you with a +0 halberd.
The gnoll hits you from afar with a +0 halberd!
Unknown command.
It was a potion of flight.
You feel very buoyant.
You fly up into the air.
The gnoll hits you but does no damage. The gnoll closely misses you.
It was a potion of heal wounds.
You feel much better.
The gnoll hits you from afar with a +0 halberd!
The gnoll hits you but does no damage.
Okay, then.
You slash the gnoll!
You kill the gnoll!
The gnoll barely misses you.
You have reached level 4!
The gnoll hits you with a +0 halberd.
You see here a +0 halberd.
You barely miss the gnoll. The gnoll completely misses you.
The gnoll barely misses you.
You hit the gnoll.
The gnoll is heavily wounded.
A frilled lizard comes into view.
The gnoll completely misses you. The gnoll hits you with a +0 halberd!
The gnoll barely misses you. You block the gnoll's attack.
The frilled lizard moves out of view.
You slash the gnoll!
You kill the gnoll!
The gnoll barely misses you.
You completely miss the gnoll. You block the gnoll's attack.
The gnoll hits you with a +0 flail!
* * * LOW HITPOINT WARNING * * *
You closely miss the gnoll. The gnoll hits you with a +0 flail.
* * * LOW HITPOINT WARNING * * *
The gnoll hits you from afar with a +0 spear.
You die...

## #.# # #.##
.l###.###g#####
......g@†.....#
..###.###.###.#
# #.####.## #.#
##...# ##
#....# #....#
#.#### #.....#
#.#
#.....####.#


You could see 2 gnolls and a frilled lizard (wandering).

Vanquished Creatures
  2 gnolls (D:2)
  An adder (D:2)
  A worm (D:2)
  2 dart slugs (D:1)
  2 endoplasms (D:1)
  6 giant cockroaches
  3 hobgoblins (D:2)
  2 quokkas
  2 ball pythons
  2 bats (D:1)
  2 frilled lizards
  A goblin (D:2)
  6 kobolds
  A rat (D:2)
33 creatures vanquished.

Notes
Turn   | Place    | Note
-------+----------+-------------------------------------------
     0 | D:1      | retardedninja the Hill Orc Fighter began the quest for the
                  | Orb.
     0 | D:1      | Reached XP level 1. HP: 19/19 MP: 1/1
   448 | D:1      | Reached XP level 2. HP: 27/27 MP: 2/2
  1113 | D:2      | Reached skill level 4 in Fighting
  1158 | D:2      | Reached XP level 3. HP: 31/33 MP: 3/3
  1446 | D:2      | Reached XP level 4. HP: 26/40 MP: 4/4
  1451 | D:2      | HP: 2/41 [gnoll/+0 flail (3)]
  1451 | D:2      | Slain by a gnoll

Illustrated notes

Levels and vault maps discovered:
D:1:      shiori_shiawase, layout_rooms, serial_co_window_serial,
          co_window_paths_b, co_window_paths_b, co_window_paths_a,
          co_window_corner_a, co_window_of_opportunity_a,
          co_window_of_opportunity_a, co_window_paths_a, co_window_corner_a,
          co_window_corner_a, co_window_2corner, co_window_of_opportunity_b,
          co_window_unsneaky_path_c, co_window_corner_b, co_window_4corner_b,
          glass_columns_b, glass_columns_a, chequers_decorated_corner,
          minivault_26
D:2:      layout_loops_cross, minmay_worlds_worst_comb

Skill      XL: |  1  2 |
---------------+-------+-----
Axes           | 3 |  3.6
Fighting       | 4 |  4.3
Armour         | |  3.9
Shields        | |  3.9

Action                   |  1- 3 |  4- 6 || total
-------------------------+-------+-------++-------
Melee: War axe           |    87 |     5 ||    92
  Use: Potion            |     3 |       ||     3
Armor: Scale mail        |    45 |       ||    45
Dodge: Dodged            |    43 |     5 ||    48
Block: Buckler           |    25 |     2 ||    27

Table legend: (Time is in decaauts)
 A = Elapsed time spent in this place.
 B = Non-inter-level travel time spent in this place.
 C = Inter-level travel time spent in this place.
 D = Time resting spent in this place.
 E = Time spent auto-exploring this place.
 F = Levels seen in this place.
 G = Mean time per level.
                   A        B        C        D        E       F      G
               +--------+--------+--------+--------+--------+-----+--------+
         Total |   1486 |   1449 |     37 |      0 |   1210 |   2 |  743.0 |
       Dungeon |   1486 |   1449 |     37 |      0 |   1210 |   2 |  743.0 |
               +--------+--------+--------+--------+--------+-----+--------+

Top non-repeatable levels by time:
     D:1: 1065 daAuts
     D:2: 420 daAuts
